 Dungeon Crawl Stone Soup version 0.31-a0-236-g9a0961fb85 (webtiles) character file.

Game seed: 1625118921541485719

844 qw the Skirmisher (level 7, -1/61 HPs)
             Began as a Minotaur Hexslinger on July 10, 2023.
             Slain by Grinder (4 damage)
             ... on level 5 of the Dungeon.
             The game lasted 00:01:28 (3562 turns).

qw the Skirmisher (Minotaur Hexslinger)             Turns: 3562, Time: 00:01:29

Health: -1/61      AC:  5    Str: 12    XL:     7   Next: 68%
Magic:  7/7        EV: 16    Int: 10    God:
Gold:   224        SH:  0    Dex: 15    Spells: 7/8 levels left

rFire   . . .        Y - +1 sling (elec)
rCold   . . .        (no shield)
rNeg    . . .        f - +0 ring mail
rPois   .            (helmet restricted)
rElec   .            (no cloak)
rCorr   .            (no gloves)
SInv    .            (no boots)
Will    +....        (no amulet)
Stlth   +            e - +5 ring of evasion
HPRegen 0.30/turn    m - ring of willpower
MPRegen 0.10/turn

%: no passive effects
@: no status effects
A: horns 2, retaliatory headbutt
a: no special abilities


You were on level 5 of the Dungeon.
You visited 1 branch of the dungeon, and saw 5 of its levels.

You collected 224 gold pieces.


Innate Abilities, Weirdness & Mutations

You have a pair of horns on your head.
You reflexively headbutt those who attack you in melee.


   Skills:
 - Level 5.5 Fighting
 + Level 8.1 Ranged Weapons
 - Level 2.0 Armour
 - Level 2.1 Dodging
 - Level 1.0 Spellcasting
 - Level 2.0 Hexes


You had 7 spell levels left.
You knew the following spells:

 Your Spells              Type           Power      Damage    Failure   Level
a - Slow                  Hex            16%        N/A       32%         1

Your spell library contained the following spells:

 Spells                   Type           Power      Damage    Failure   Level
 Inner Flame              Hex/Fire       2%         N/A       83%         3
 Portal Projectile        Hex/Tloc       4%         N/A       83%         3
 Cause Fear               Hex            2%         N/A       97%         4

Inventory:

Hand Weapons
 Y - a +1 sling of electrocution (weapon)
Armour
 f - a +0 ring mail (worn)
 p - a +0 pair of gloves
Jewellery
 e - a +5 ring of evasion (left hand)
 m - a ring of willpower (right hand)
 n - a +6 ring of dexterity
Scrolls
 a - a scroll of identify
Potions
 b - a potion of attraction {unknown}
 c - a potion of resistance {unknown}
 d - a potion of haste {unknown}
 g - a potion of degeneration {unknown}
 h - a potion of mutation {unknown}
 i - 3 potions of curing
 j - a potion of ambrosia {unknown}
 k - a potion of might {unknown}
 l - a potion of berserk rage {unknown}
 o - a potion of brilliance {unknown}

Dungeon Overview and Level Annotations

Branches:
Dungeon (5/15)
 Temple: D:4-7

Altars:
Xom
Yredelemnul

Annotations:
D:5 Dowan, Grinder, Pikel


Message History

Dowan blinks!
Grinder says, "FISH!"
Grinder misses you. You furiously retaliate!
You headbutt Grinder.
A lemure comes into view.
Pikel hits you with a +2 whip of freezing!
Pikel freezes you.
Your Fighting skill increases to level 5!
You shoot a sling bullet. The lemure shouts!
The sling bullet hits Grinder!
Grinder is moderately wounded.
Grinder gestures at you. You resist with almost no effort. Pikel misses you.
You shoot a sling bullet.
The sling bullet completely misses Grinder.
Grinder closely misses you. Pikel closely misses you. You furiously retaliate!
You headbutt Pikel. You shoot a sling bullet. The sling bullet hits Grinder.
Grinder is heavily wounded.
Grinder hits you.
You writhe in agony.
The lemure completely misses you. You furiously retaliate!
You headbutt the lemure, but do no damage.
Pikel barely misses you.
Dowan mumbles some strange words.
Dowan blinks!
You shoot a sling bullet.
The sling bullet hits Grinder but does no damage.
Grinder is heavily wounded.
Grinder closely misses you.
Pikel hits you with a +2 whip of freezing.
Pikel freezes you.
A giant cockroach comes into view.
Grinder hits you but does no damage.
You shoot a sling bullet.
The sling bullet hits Grinder but does no damage.
Grinder is heavily wounded.
Dowan says, "Magic will overcome all!"
The lemure hits you. Pikel barely misses you. You furiously retaliate!
You headbutt Pikel. Grinder hits you.
You writhe in agony.
You die...

###..#.# #..# .. #......#
#..####.### #.##..##
##.....#...##
..#...######...........##
.#...##..................
##.#........#......e....#
.........#..#...%5....B%~
.#...##.##.....5K5....#
#.......#....##5@.#...~~~
#.....##.....###### ...~~
.............. .~~~
.......#....... #~~
............ ~ .........
....... ....... .......


You could see Pikel, Grinder, 3 lemures, Dowan (fast) and a giant cockroach.

Vanquished Creatures
  Prince Ribbit (D:5)
  Duvessa (D:5)
  A bullfrog (D:5)
  A scorpion (D:5)
  2 orc priests
  A hound (D:5)
  Terence (D:3)
  An iguana (D:4)
  3 orc wizards
  7 adders
  3 gnolls (D:5)
  2 white imps
  2 worms
  A dart slug (D:5)
  4 orcs
  7 endoplasms
  4 giant cockroaches
  7 goblins
  3 hobgoblins
  6 jackals (D:1)
  5 quokkas
  10 ball pythons
  11 bats
  3 frilled lizards
  5 kobolds
  3 rats
95 creatures vanquished.

Notes
Turn   | Place    | Note
-------+----------+-------------------------------------------
     0 | D:1      | qw the Minotaur Hexslinger began the quest for the Orb.
     0 | D:1      | Reached XP level 1. HP: 16/16 MP: 1/1
     0 | D:1      | 0 ||| qw: Version: 0.3-a-52-g30416fa
     0 | D:1      | 0 ||| qw: Game counter: 4821
     0 | D:1      | 0 ||| qw: Melee chars always use a shield: true
     0 | D:1      | 0 ||| qw: God list: Okawaru
     0 | D:1      | 0 ||| qw: Allow faded altars: false
     0 | D:1      | 0 ||| qw: Do Orc after clearing Dungeon:15 true
     0 | D:1      | 0 ||| qw: Do second Lair branch before Depths: true
     0 | D:1      | 0 ||| qw: Lair rune preference: random
     0 | D:1      | 0 ||| qw: Goals: Normal
     0 | D:1      | 0 ||| PLANNING D:1-11
    64 | D:1      | Reached skill level 3 in Ranged Weapons
    64 | D:1      | Reached XP level 2. HP: 23/23 MP: 2/2
   453 | D:1      | Reached XP level 3. HP: 23/29 MP: 3/3
   453 | D:1      | 453 ||| FLEEEEING.
   455 | D:1      | 455 ||| FLEEEEING.
   456 | D:1      | 456 ||| FLEEEEING.
   743 | D:1      | 743 ||| READING scroll labelled AKKOETHIUPS.
   744 | D:1      | 744 ||| READING scroll labelled OLOS VEUCE.
   745 | D:1      | 745 ||| READING scroll labelled ZOPROSI DO LAKK.
   746 | D:1      | 746 ||| READING scroll labelled UTUCOLINOX.
   747 | D:1      | 747 ||| READING scroll labelled VERHESCH DISUOH.
   748 | D:1      | 748 ||| DROPPING scroll of poison.
  1028 | D:2      | Reached skill level 4 in Ranged Weapons
  1623 | D:2      | 1623 ||| UPGRADING to +0 leather armour.
  1633 | D:2      | 1633 ||| DROPPING +0 robe.
  1634 | D:2      | 1634 ||| UPGRADING to +0 ring mail.
  1644 | D:2      | 1644 ||| DROPPING +0 leather armour.
  1645 | D:2      | 1645 ||| UPGRADING to +5 ring of evasion.
  1646 | D:2      | 1646 ||| READING scroll labelled VEOHUD ARCHAJANO.
  1647 | D:2      | 1647 ||| READING scroll labelled IKHEON UMESOTSOBUO.
  1648 | D:2      | 1648 ||| READING scroll labelled RIYDIO KOFFUE.
  1749 | D:2      | 1749 ||| DRINKING 2 brown potions.
  1902 | D:3      | Noticed Terence
  1904 | D:3      | Killed Terence
  1905 | D:3      | Reached XP level 4. HP: 36/36 MP: 4/4
  1961 | D:3      | Found a basalt altar of Yredelemnul.
  2001 | D:3      | Found a shimmering altar of Xom.
  2003 | D:3      | Found a shimmering altar of Xom.
  2004 | D:3      | Found a shimmering altar of Xom.
  2005 | D:3      | Found a shimmering altar of Xom.
  2076 | D:3      | Found a shimmering altar of Xom.
  2078 | D:3      | Found a shimmering altar of Xom.
  2163 | D:3      | Reached skill level 5 in Ranged Weapons
  2371 | D:3      | 2371 ||| READING 2 scrolls labelled OXKU PE DULA.
  2372 | D:3      | 2372 ||| READING scroll labelled LUOSEICYOTH.
  2420 | D:4      | 2420 ||| FLEEEEING.
  2423 | D:4      | 2423 ||| FLEEEEING.
  2424 | D:4      | 2424 ||| FLEEEEING.
  2425 | D:4      | 2425 ||| FLEEEEING.
  2430 | D:4      | 2430 ||| FLEEEEING.
  2431 | D:4      | 2431 ||| FLEEEEING.
  2437 | D:4      | 2437 ||| FLEEEEING.
  2438 | D:4      | 2438 ||| FLEEEEING.
  2439 | D:4      | 2439 ||| FLEEEEING.
  2440 | D:4      | 2440 ||| FLEEEEING.
  2448 | D:4      | 2448 ||| STAIRDANCE
  2513 | D:4      | 2513 ||| STAIRDANCE
  2517 | D:3      | HP: 9/36 [orc priest/+0 club (4)]
  2520 | D:3      | Reached skill level 3 in Fighting
  2520 | D:3      | Reached XP level 5. HP: 6/45 MP: 5/5
  2922 | D:4      | Reached skill level 6 in Ranged Weapons
  2934 | D:4      | Identified the +0 spear of the Tiger {heavy, rElec MP+9}
  3033 | D:4      | Reached XP level 6. HP: 51/51 MP: 6/6
  3236 | D:4      | 3236 ||| UPGRADING to ring of willpower.
  3253 | D:5      | Entered Level 5 of the Dungeon
  3254 | D:5      | 3254 ||| PLANNING SEWER
  3274 | D:5      | 3274 ||| FLEEEEING.
  3277 | D:5      | 3277 ||| STAIRDANCE
  3411 | D:5      | Noticed Prince Ribbit
  3414 | D:5      | Reached skill level 7 in Ranged Weapons
  3427 | D:5      | Killed Prince Ribbit
  3428 | D:5      | Reached skill level 8 in Ranged Weapons
  3428 | D:5      | Reached XP level 7. HP: 59/59 MP: 7/7
  3538 | D:5      | Noticed Dowan
  3538 | D:5      | Noticed Duvessa
  3542 | D:5      | Noticed Grinder
  3546 | D:5      | Paralysed by Grinder for 3 turns
  3548 | D:5      | Noticed Pikel
  3549 | D:5      | 3549 ||| Stepping ~*~*~tactically~*~*~ (outnumbered).
  3557 | D:5      | Killed Duvessa
  3560 | D:5      | HP: 13/61 [Grinder (5)]
  3562 | D:5      | HP: 6/61 [lemure[Pikel] (4)]
  3562 | D:5      | Slain by Grinder

Levels and vault maps discovered:
D:1:      minmay_arrival_stone_box, layout_rooms, serial_rivers,
          chequers_serial_rivers_large_a, chequers_serial_rivers_micro_b,
          chequers_serial_rivers_room_b, chequers_serial_rivers_micro_d,
          chequers_serial_rivers_room_b, chequers_serial_rivers_micro_e,
          serial_bayou_pond_e
D:2:      layout_basic
D:3:      layout_loops_cross, lemuel_crystal_altar, xom_redecorated,
          kennysheep_generic_room_9, uniq_terence
D:4:      layout_loops_ring, guppyfry_early_lair_pool
D:5:      layout_rooms, minmay_temple_entry_enclosed_plants,
          cheibrodos_sewer_entry_drain, st_stairs_13, minmay_gold_behind_fungi,
          uniq_grinder, uniq_prince_ribbit1, uniq_duvessa, uniq_sigmund,
          uniq_pikel

Skill      XL: |  1  2  3  4  5  6  7 |
---------------+----------------------+-----
Ranged Weapons | 3 4 5 6 8 |  8.1
Fighting       | 2 3 4 5 |  5.5
Armour         | 2 |  2.0
Dodging        | |  2.1
Spellcasting   | |  1.0
Hexes          | |  2.0

Action                     |  1- 3 |  4- 6 |  7- 9 || total
---------------------------+-------+-------+-------++-------
   Fire: Sling             |   141 |   143 |    34 ||   318
    Use: Scroll            |     8 |     2 |       ||    10
         Potion            |     1 |       |       ||     1
 Armour: Robe              |    15 |       |       ||    15
         Ring mail         |       |    19 |     6 ||    25
  Dodge: Dodged            |    49 |    42 |    17 ||   108

Table legend:
 A = Non-vault XP
 B = Vault XP
 C = Vault XP percentage of total XP
 D = Non-vault monster count
 E = Vault monster count
 F = Vault count percentage of total count
                 A         B        C        D         E       F
            +---------+---------+-------+---------+---------+-------
      Total |     594 |     613 |  50.8 |      84 |      11 |  11.6
            +---------+---------+-------+---------+---------+-------
        D:1 |      45 |       0 |   0.0 |      27 |       0 |   0.0
        D:2 |      46 |       0 |   0.0 |      17 |       0 |   0.0
        D:3 |     100 |      40 |  28.6 |      16 |       2 |  11.1
        D:4 |     125 |      40 |  24.2 |      12 |       3 |  20.0
        D:5 |     278 |     533 |  65.7 |      12 |       6 |  33.3
            +---------+---------+-------+---------+---------+-------
